Map: Ephemeron LE

Players

Kas - Winner!

  • Race: Terran Terran
  • Spawn Location: 11:00

IIIIIIIII (Has)

  • Race: Protoss Protoss
  • Spawn Location: 5:00

Event: IEM Katowice 2020

VOD

Have the link to the VOD?

Description

Time

  • Played on: Feb. 24, 2020, 9:18 a.m.
  • Length: 12:04

All games in this series

Show
View Real Time Build Order
Export as new Build Order

Kas Terran - Winner!

Build Orders:  

Get SALT Encoding   

  12  0:00  SCV  
  13  0:12  SCV  
  14  0:17  Supply Depot  
  14  0:25  SCV  
  15  0:39  SCV  
  15  0:40  Barracks  
  16  0:43  Refinery  
  16  0:51  SCV  
  17  1:03  SCV  
  18  1:15  SCV  
  19  1:27  Barracks Reactor, Orbital Command  
  19  1:39  Command Center  
  19  1:51  Supply Depot  
  19  1:53  SCV  
  20  2:03  Marine x2  
  20  2:05  SCV  
  23  2:13  Factory  
  23  2:18  SCV, Refinery  
  23  2:21  Marine  
  23  2:22  Marine  
  26  2:30  SCV  
  27  2:39  Marine x2  
  27  2:42  SCV  
  30  2:51  Orbital Command  
  30  2:54  SCV  
  31  3:00  Starport  
  31  3:06  Hellion, Widow Mine  
  35  3:18  SCV x2  
  37  3:22  Barracks Tech Lab  
  37  3:32  Widow Mine x2  
  41  3:35  SCV  
  41  3:40  SCV  
  43  3:42  Supply Depot  
  40  4:01  Cloaking Field, Marine x2  
  40  4:02  Medivac  
  44  4:05  SCV  
  44  4:08  SCV  
  46  4:14  Factory Tech Lab  
  46  4:17  SCV, Supply Depot  
  46  4:19  Marine x2  
  46  4:20  SCV  
  50  4:29  SCV  
  51  4:32  Banshee  
  54  4:38  Marine x2, Siege Tank  
  54  4:42  SCV  
  54  4:44  Supply Depot  
  60  4:49  SCV  
  61  4:54  SCV  
  61  4:57  Supply Depot  
  61  4:58  Supply Depot  
  62  5:05  SCV, Marine x2  
  65  5:07  Supply Depot  
  65  5:11  Siege Tank  
  65  5:13  SCV  
  69  5:17  SCV  
  69  5:20  Banshee  
  73  5:23  Marine x2  
  73  5:25  SCV  
  74  5:29  SCV, Engineering Bay  
  74  5:33  Supply Depot  
  75  5:37  Command Center  
  75  5:41  SCV, Marine x2  
  78  5:43  Siege Tank  
  81  5:56  SCV  
  82  6:00  SCV  
  82  6:01  Barracks x2  
  83  6:04  Refinery  
  83  6:06  Refinery  
  83  6:08  SCV  
  83  6:09  Terran Infantry Weapons Level 1  
  82  6:12  Supply Depot, Marine x2  
  82  6:14  SCV  
  82  6:27  SCV  
  82  6:28  Siege Tank  
  82  6:30  Marine x2  
  88  6:33  Missile Turret  
  88  6:35  SCV  
  89  6:41  Starport Reactor  
  89  6:42  SCV  
  89  6:44  Supply Depot  
  90  6:48  Marine  
  90  6:51  Marine  
  90  6:54  Orbital Command  
  92  6:58  Marine x2  
  92  7:00  SCV  
  82  7:01  Siege Tank  
  82  7:04  Bunker  
  82  7:05  Marine  
  75  7:09  Marine  
  76  7:16  SCV  
  76  7:21  Medivac x2  
  78  7:23  Barracks Tech Lab  
  78  7:28  Missile Turret  
  78  7:29  Marine x2  
  80  7:30  Barracks  
  80  7:31  Stimpack  
  80  7:33  Marine  
  80  7:34  SCV, Supply Depot  
  82  7:38  Missile Turret, Barracks  
  82  7:41  Marine  
  82  7:44  Combat Shield  
  83  7:47  Marine x2  
  83  7:50  Factory Reactor  
  83  7:51  SCV x2, Marine  
  88  7:53  Supply Depot  
  88  7:59  Marine  
  88  8:05  Marine x2  
  81  8:07  Orbital Command  
  81  8:08  Marine, Liberator x2  
  88  8:13  Bunker  
  88  8:17  Marine  
  89  8:22  Marine, Terran Infantry Armor Level 1  
  89  8:23  Marine  
  89  8:25  Marine  
  89  8:26  Marine  
  93  8:28  Widow Mine  
  93  8:29  Widow Mine  
  97  8:34  Marine  
  97  8:36  Marauder  
  97  8:37  Concussive Shells  
  97  8:40  Marine x2  
  102  8:42  Marine  
  102  8:44  Marine  
  102  8:47  SCV x3  
  107  8:52  Widow Mine x2  
  107  8:53  Marauder  
  113  8:56  Medivac x2  
  113  8:59  SCV  
  118  9:06  SCV  
  118  9:07  SCV, Ghost Academy  
  120  9:10  Marauder  
  120  9:11  SCV  
  120  9:14  Refinery  
  120  9:15  Ghost Academy  
  123  9:19  SCV, Refinery  
  123  9:22  SCV  
  123  9:23  Barracks Reactor, Marauder x2  
  129  9:36  Ghost  
  129  9:38  Marine x2  
  132  9:45  Armory  
  133  9:47  Engineering Bay  
  107  10:04  Ghost x2  
  107  10:05  Marine x2  
  112  10:07  Marine  
  112  10:08  Marine x2  
  113  10:23  Marine  
  113  10:25  Ghost  
  107  10:32  Ghost  
  107  10:34  Marine x3  
  95  10:43  Marine x2  
  92  10:51  Widow Mine x2, Marine  
  92  10:52  Marine x2  
  92  10:54  Marine  
  95  11:01  Marine x3  
  95  11:04  SCV  
  94  11:09  Marine x3  
  97  11:12  Marine, Widow Mine x2  
  102  11:19  Marine  
  102  11:21  SCV, Marauder x2  
  108  11:26  SCV  
  108  11:27  SCV, Marine x2  
  108  11:30  Marauder, Marine  
  115  11:33  SCV  
  115  11:37  Marine  
  115  11:38  SCV  
  115  11:39  SCV  
  119  11:41  Marine  
  119  11:42  Marauder  
  119  11:45  SCV, Marine x2  
  125  11:50  SCV  
Show
View Real Time Build Order
Export as new Build Order

IIIIIIIII Protoss 

Build Orders: 1 Gate Expand, Oracle Opening, Zealot Archon 

Get SALT Encoding   

  12  0:00  Probe  
  13  0:12  Probe  
  14  0:17  Pylon  
  14  0:24  Probe  
  15  0:35  Gateway  
  15  0:37  Probe (Chrono Boost)  
  16  0:47  Probe (Chrono Boost), Assimilator  
  17  0:52  Probe (Chrono Boost)  
  18  1:03  Probe  
  19  1:19  Nexus  
  19  1:22  Probe  
  20  1:32  Cybernetics Core  
  20  1:35  Probe  
  21  1:41  Assimilator  
  21  1:50  Probe, Pylon  
  22  2:02  Probe  
  22  2:05  Adept (Chrono Boost)  
  25  2:14  Probe  
  25  2:15  Stargate  
  26  2:24  Warp Gate  
  26  2:27  Probe, Adept (Chrono Boost)  
  29  2:31  Probe  
  30  2:39  Probe  
  30  2:43  Probe  
  32  2:49  Adept  
  32  2:51  Probe  
  35  2:55  Probe  
  36  2:59  Oracle (Chrono Boost)  
  36  3:00  Pylon  
  36  3:05  Probe  
  40  3:11  Probe  
  41  3:17  Probe  
  40  3:22  Shield Battery, Adept  
  40  3:23  Probe  
  43  3:29  Probe  
  43  3:30  Oracle (Chrono Boost)  
  47  3:35  Probe  
  46  3:42  Gateway  
  46  3:44  Probe, Gateway  
  47  3:49  Probe (Chrono Boost)  
  48  4:01  Probe x2 (Chrono Boost)  
  50  4:07  Pylon  
  52  4:10  Probe (Chrono Boost)  
  52  4:12  Probe (Chrono Boost)  
  52  4:13  Nexus  
  52  4:15  Assimilator  
  52  4:18  Assimilator  
  52  4:21  Pylon  
  52  4:23  Probe  
  52  4:25  Sentry  
  52  4:26  Probe  
  55  4:35  Probe  
  55  4:36  Twilight Council  
  55  4:37  Forge  
  56  4:39  Probe  
  57  4:54  Gateway  
  57  4:56  Protoss Ground Weapons Level 1 (Chrono Boost)  
  57  4:57  Gateway  
  57  4:58  Robotics Facility  
  57  5:00  Gateway  
  57  5:06  Phoenix  
  59  5:09  Shield Battery  
  59  5:16  Probe  
  59  5:17  Probe  
  57  5:25  Charge (Chrono Boost)  
  57  5:35  Templar Archives  
  57  5:38  Probe  
  57  5:40  Probe  
  59  5:46  Observer (Chrono Boost)  
  60  5:52  Gateway  
  60  5:54  Gateway  
  59  6:05  Probe x2  
  59  6:06  Probe  
  59  6:07  Warp Prism (Chrono Boost)  
  63  6:16  Pylon  
  63  6:17  Probe  
  65  6:20  Zealot x4  
  65  6:21  Zealot  
  65  6:23  Zealot  
  76  6:29  Pylon  
  76  6:30  Pylon  
  73  6:41  Pylon  
  73  6:49  Zealot x5  
  71  7:03  Probe x2  
  69  7:15  Probe x2  
  69  7:26  Zealot, High Templar x4  
  69  7:27  Probe x2 (Chrono Boost)  
  81  7:30  Archon x2  
  81  7:31  Pylon  
  81  7:36  Observer  
  82  7:39  Probe x2 (Chrono Boost)  
  84  7:44  Probe x2 (Chrono Boost)  
  80  8:03  Psionic Storm  
  80  8:05  Warp Prism (Chrono Boost), Probe  
  54  8:09  Probe  
  55  8:14  Protoss Ground Armor Level 1  
  55  8:22  High Templar x2  
  59  8:28  Nexus  
  59  8:29  Zealot x3  
  59  8:34  Observer (Chrono Boost)  
  66  8:37  Pylon  
  66  8:39  Probe x2  
  68  8:42  High Templar  
  68  8:44  Zealot  
  68  8:46  Zealot  
  74  8:53  Zealot x2  
  78  8:55  Sentry  
  78  8:57  Probe  
  81  9:05  High Templar  
  81  9:08  Zealot  
  81  9:09  Zealot  
  87  9:14  Zealot  
  89  9:18  Zealot  
  89  9:20  Zealot  
  93  9:34  High Templar x2  
  93  9:35  Zealot x2  
  93  9:38  Archon  
  101  9:44  Zealot x3  
  107  9:49  Zealot  
  96  10:00  Zealot x2  
  96  10:06  Zealot x3  
  90  10:27  Zealot x3  
  90  10:28  Zealot x2  
  98  10:35  Probe x3  
  92  10:41  Zealot x2  
  80  10:44  Observer  
  80  10:47  Probe x2  
  80  10:48  Zealot  
  74  10:56  Warp Prism (Chrono Boost)  
  68  11:03  Observer, High Templar x2  
  74  11:08  High Templar  
  74  11:09  High Templar x3  
  83  11:11  Probe  
  83  11:16  Phoenix (Chrono Boost)  
  85  11:23  Archon  
  85  11:24  Archon  
  85  11:27  Zealot x2  
  89  11:37  Stalker x2  
  93  11:42  Zealot x2  

Tags
 
Add a new tag
Caveats
  • Supply blocks, unpowered buildings, or Contaminate may cause inaccurate times.
  • Supply counts are checked every 10 seconds.